 Dungeon Crawl Stone Soup version 0.30-a0-311-gf115ab0292 (webtiles) character file.

Game seed: 11484611275347411719

100555 Palms the Warrior (level 16, 0/125 HPs)
             Began as a Djinni Fire Elementalist on Oct 23, 2022.
             Was the Champion of Hepliaklqana.
             Slain by a +5 short sword of electrocution (2 damage)
             ... on level 1 of the Elven Halls on Oct 25, 2022.
             The game lasted 02:55:48 (27014 turns).

Palms the Warrior (Djinni Fire Elementalist)       Turns: 27014, Time: 02:55:49

Health: 0/125      AC: 11    Str:  7    XL:     16   Next: 79%
Gold:   1626       EV: 12    Int: 23    God:    Hepliaklqana [******] SH:  5 Dex: 16

rFire   + + .      SeeInvis .    a - +11 falchion "Orb Guardian's Peril" {venom, Will+}
rCold   . . .      Faith    .    X - +0 buckler
rNeg    . . .      Spirit   .    j - +1 ring mail {rC+}
rPois   ∞          Reflect  .    q - +0 helmet
rElec   .          Harm     .    w - +0 cloak
rCorr   .          Rampage  .    H - +1 pair of gloves
Will    +++..                    (boots unavailable)
Stlth   +.........               J - amulet of regeneration
HPRegen 1.20/turn                O - ring of willpower
MPRegen 0.00/turn                Z - ring of wizardry

@: flying
A: reduced essence, sickness immunity, fire resistance 2, cold vulnerability 1,
float, innate caster, HP casting, extra vitality 1
a: Renounce Religion, Recall Ancestor, Ancestor Identity, Transference, Idealise


You were on level 1 of the Elven Halls.
You worshipped Hepliaklqana.
Hepliaklqana was exalted by your worship.
You visited 5 branches of the dungeon, and saw 24 of its levels.

You collected 3345 gold pieces.
You spent 1719 gold pieces at shops.

Inventory:

Hand Weapons
 a - the +11 falchion "Orb Guardian's Peril" (weapon) {venom, Will+}
   (You found it on level 10 of the Dungeon)

   It poisons the flesh of those it strikes.
   Will:      It increases your willpower.
 b - the +7 flail of Dyfra {freeze, +Blink rC- Int+6}
   (You took it off an orc on level 5 of the Dungeon)

   It freezes those it strikes, dealing additional cold damage.
   It can also slow down cold-blooded creatures.
   Int:       It affects your intelligence (+6).
   rC:        It makes you vulnerable to cold.
   +Blink:    It lets you blink.
 A - the +10 rapier of Gahaf {venom, rPois rN+ Str+3}
   (You found it on level 14 of the Dungeon)

   It poisons the flesh of those it strikes.
   Str:       It affects your strength (+3).
   rPois:     It protects you from poison.
   rN:        It protects you from negative energy.
Missiles
 k - 2 throwing nets
 D - 5 silver javelins
Armour
 j - a +1 ring mail of cold resistance (worn)
 q - a +0 helmet (worn)
 w - a +0 cloak (worn)
 B - a +2 kite shield
 H - a +1 pair of gloves (worn)
 P - +0 ice dragon scales
 S - a +2 leather armour of fire resistance
 X - a +0 buckler (worn)
Jewellery
 i - an amulet of the acrobat
 s - an amulet of reflection
 J - an amulet of regeneration (around neck)
 O - a ring of willpower (left hand)
 Z - a ring of wizardry (right hand)
Wands
 g - a wand of flame (17)
 o - a wand of acid (19)
 u - a wand of charming (13)
 C - a wand of mindburst (27)
 I - a wand of digging (6)
 N - a wand of roots (14)
Scrolls
 d - 5 scrolls of immolation
 l - 8 scrolls of teleportation
 n - a scroll of blinking
 y - 4 scrolls of fear
 E - a scroll of silence
 F - a scroll of enchant armour
 G - 4 scrolls of vulnerability
 L - 3 scrolls of fog
 Q - 3 scrolls of poison
 T - 5 scrolls of magic mapping
 V - 3 scrolls of summoning
 W - 2 scrolls of torment
Potions
 c - 3 potions of mutation
 e - 10 potions of curing
 f - 2 potions of cancellation
 h - 3 potions of heal wounds
 m - 3 potions of brilliance
 p - 6 potions of might
 r - a potion of ambrosia
 t - 3 potions of haste
 z - 7 potions of lignification
 K - 3 potions of attraction
 M - a potion of resistance
 R - 5 potions of berserk rage
 U - 2 potions of invisibility
Miscellaneous
 x - a lightning rod (4/4)


   Skills:
 - Level 20.6 Fighting
 + Level 2.2 Long Blades
 - Level 5.0 Armour
 - Level 7.0 Dodging
 - Level 1.5 Stealth
 - Level 5.0 Shields
 - Level 13.3 Spellcasting
 + Level 7.5 Invocations
 + Level 7.5 Evocations


You had 3 spell levels left.
You knew the following spells:

 Your Spells              Type           Power      Damage    Failure   Level
a - Foxfire               Conj/Fire      100%       2x1d9     1%          1
b - Scorch                Fire           100%       2d10      1%          2
c - Kindle Blastsparks    Fire/Tloc/Air  100%       2d18      1%          3
d - Inner Flame           Hex/Fire       67%        N/A       1%          3
e - Flame Wave            Conj/Fire      67%        2d15      1%          4
f - Summon Small Mammal   Summ           100%       N/A       1%          1
g - Call Imp              Summ           67%        N/A       1%          2
h - Searing Ray           Conj           100%       2d8       1%          2
i - Manifold Assault      Tloc           67%        N/A       1%          4
j - Summon Forest         Summ/Tloc      33%        N/A       1%          5
k - Fireball              Conj/Fire      33%        3d14      1%          5
l - Iron Shot             Conj/Erth      33%        9d7       4%          6
Your spell library was empty.

Dungeon Overview and Level Annotations

Branches:
Dungeon (15/15)            Temple (1/1) D:4            Lair (5/5) D:8
  Swamp (0/4) Lair:3       Spider (0/4) Lair:3        Slime (0/5) Lair:5
    Orc (2/2) D:12            Elf (1/3) Orc:2        Vaults (0/5) D:13
 Depths (0/4) D:15

Altars:
Ashenzari
Cheibriados
Dithmenos
Elyvilon
Fedhas
Gozag
Hepliaklqana
Makhleb
Nemelex Xobeh
Okawaru
Qazlal
Ru
Trog
Uskayaw
Wu Jian
Xom
Yredelemnul
Zin
The Shining One
Jiyva

Shops:
D:6 *   Orc:2 *(?*   Elf:1 *

Portals:
Trove: D:14 (give +4 shadow dragon scales)

Annotations:
D:10 2 transporters
Lair:3 2 transporters, Powertoast's ghost, journeyman TrGl


Innate Abilities, Weirdness & Mutations

Your life essence is reduced to manifest your ancestor. (-10% HP)
You are immune to sickness and miasma.
You are immune to poison.
Your flesh is very heat resistant. (rF++)
You are vulnerable to cold. (rC-)
You float through the air rather than walking.
You learn spells naturally, not from books.
Your magical power is your life essence.
You have superior vitality. (+4 MHP)


Message History

Aim: a +5 short sword of electrocution (moderately damaged, 42% to hit)
Okay, then.
Unknown command.
Unknown command.
Casting: Iron Shot (dangerous; 4% risk of failure)
Confirm with . or Enter, or press ? or * to list all spells.
A cloud of volatile blastsparks flares up around you!
You block the +5 short sword of electrocution's attack.
The deep elf zephyrmancer hits you but does no damage.
The +5 short sword of electrocution hits you!
You are electrocuted!
* * * LOW HITPOINT WARNING * * *
The cloud of blastsparks explodes!
The concussive blast engulfs the +5 short sword of electrocution.
The +5 short sword of electrocution resists.
The +5 short sword of electrocution is moderately damaged.
The concussive blast engulfs the deep elf zephyrmancer!
The deep elf zephyrmancer is heavily wounded.
The concussive blast engulfs you but does no damage.
You are knocked back by the blast.
The deep elf zephyrmancer is engulfed in a cloud of scalding steam.
The deep elf zephyrmancer gestures at you while chanting.
The bolt of lightning hits you!!
* * * LOW HITPOINT WARNING * * *
You hear a shout!
Casting: Kindle Blastsparks (safe; 1% risk of failure)
Confirm with . or Enter, or press ? or * to list all spells.
Aiming: Fireball (mildly dangerous; 1% risk of failure)
Press: ? - help, Shift-Dir - straight line, f - deep elf zephyrmancer
Aim: a deep elf zephyrmancer, wielding a +0 rapier (steam, almost dead, very poisoned)
The fireball explodes!
The fireball engulfs the deep elf zephyrmancer!!
You kill the deep elf zephyrmancer!
You hear a splash.
The fireball engulfs the +5 short sword of electrocution.
The +5 short sword of electrocution resists.
The +5 short sword of electrocution is heavily damaged.
* * * LOW HITPOINT WARNING * * *
The +5 short sword of electrocution hits you.
You die...

#.# ## #.# .)#
# #.# .. . #
#.#######e##'#
#..≈≈8#..... #
#..§§≈#.... ##
#..§§≈#..# #.
#.(§§R#..# #.
#.@~§≈{).# #.
#..~≈≈#).# ##
#..~≈≈#..# #
#..~≈≈#§°.. ☼
#..~≈8#).○.°☼
#######e##'###


ee. .. e.E .. ... ..# You could see the friendly Shatu-murrim the knight and a
+5 short sword of electrocution.

Vanquished Creatures
  Kirke (D:13)
  A fire dragon (D:15)
  An ice dragon (D:15)
  4 hydras
  5 ogre magi
  2 catoblepae (Lair:4)
  2 death knights (D:15)
  4 centaur warriors
  23 two-headed ogres
  2 tengu warriors
  2 boulder beetles
  2 dancing weapons (Elf:1)
  A thrashing horror (Lair:5)
  Urug (Lair:4)
  A deep elf knight (Elf:1)
  Lodul (D:11)
  A death drake (shapeshifter) (Lair:5)
  4 deep elf pyromancers (Elf:1)
  2 harpies (D:15)
  An orc knight (Orc:2)
  5 deep elf zephyrmancers
  3 manticores
  4 ugly things
  4 cyclopes
  14 elephants
  7 black mambas
  6 cane toads
  4 gargoyles
  A rime drake (Lair:4)
  6 komodo dragons
  2 freezing wraiths (D:15)
  An efreet (D:13)
  An ancient zyme (Lair:5)
  2 ice devils (Orc:2)
  A troll (D:11)
  2 polar bears
  3 meliai (D:15)
  4 slime creatures (D:12)
  10 blink frogs
  A large abomination (Lair:5)
  An air elemental (Elf:1)
  A ynoxinul (Lair:5)
  A water elemental (D:15)
  2 hogs (D:13)
  3 wyverns
  A vampire (D:9)
  23 yaks
  A fire elemental (Elf:1)
  10 wraiths
  6 basilisks
  A chaos spawn (Lair:5)
  14 vampire mosquitoes
  A warg (Orc:1)
  3 water moccasins
  6 orc warriors
  An ice beast (D:7)
  4 black bears
  A sky beast (D:6)
  A hornet zombie (D:3)
  20 ogres
  11 wolves
  14 centaurs
  A phantom (D:5)
  6 bullfrogs
  A gnoll sergeant (D:8)
  A necrophage (D:7)
  5 scorpions
  A wyvern zombie (D:3)
  2 wights (D:9)
  A small abomination (Lair:5)
  4 electric eels
  4 howler monkeys
  3 centaur zombies (D:5)
  A lava snake (D:15)
  3 crimson imps (D:11)
  10 orc priests
  2 bullfrog skeletons
  A centaur skeleton (D:3)
  5 hounds
  2 jellies
  6 iguanas
  Ijyb (D:3)
  Natasha (thrice) (D:2)
  A scorpion zombie (D:5)
  11 orc wizards
  Robin (D:3)
  7 gnolls (D:8)
  4 adders
  5 river rats
  3 white imps
  An ufetubus (D:6)
  4 worms
  A dart slug (D:4)
  65 orcs
  6 bats
  7 endoplasms
  3 giant cockroaches
  14 goblins
  13 hobgoblins
  6 jackals
  6 quokkas
  6 ball pythons
  6 frilled lizards
  15 kobolds
  11 rats
527 creatures vanquished.

Vanquished Creatures (collateral kills)
  Josephine (D:14)
  3 hydras
  4 two-headed ogres
  2 boulder beetles
  A deep elf knight (Elf:1)
  A harpy (shapeshifter) (D:13)
  A harpy (D:15)
  2 ugly things
  2 cyclopes
  11 elephants
  5 black mambas
  A smoke demon (Lair:5)
  4 cane toads
  2 komodo dragons (shapeshifter)
  2 komodo dragons
  A freezing wraith (D:14)
  5 trolls
  3 blink frogs
  A water elemental (Elf:1)
  16 yaks
  A wyvern (Lair:5)
  2 air elementals (Elf:1)
  A fire elemental (Elf:1)
  A steam dragon (D:10)
  A basilisk (Lair:2)
  5 vampire mosquitoes
  A warg (Orc:2)
  An acid dragon (D:11)
  2 water moccasins (Lair:2)
  3 orc warriors (Orc:2)
  3 small abominations (Lair:5)
  6 ogres
  3 wolves
  The ghost of HarveyMantaco the Magician, an amateur DjFE (D:3)
  A kobold brigand (D:6)
  A wyvern zombie (D:5)
  3 bullfrogs
  A water moccasin zombie (D:5)
  3 wights (D:9)
  6 crimson imps
  A hound (D:5)
  2 gnoll boudas
  2 hell rats (Lair:5)
  An iguana (D:6)
  6 orc wizards
  A gnoll (D:8)
  2 river rats (Lair:5)
  A white imp (D:11)
  12 orcs
  A kobold (D:6)
  2 rats
  3 foxfires
148 creatures vanquished.

Vanquished Creatures (others)
  2 deep elf knights (Elf:1)
  11 knights
  2 ancestors
  An orc (Orc:1)
  467 foxfires
  31 fungi
  47 plants
  2 snaplasher vines
  A withered plant (D:5)
564 creatures vanquished.

Grand Total: 1239 creatures vanquished

Notes
Turn   | Place    | Note
-------+----------+-------------------------------------------
     0 | D:1      | Palms the Djinni Fire Elementalist began the quest for the
                  | Orb.
     0 | D:1      | Palms set off with the following spells memorised: Foxfire,
                  | Scorch, Kindle Blastsparks, Inner Flame, Flame Wave.
     0 | D:1      | Reached XP level 1. HP: 15/15 MP: 0/0
   108 | D:1      | You are sucked into a shaft and drop 1 floor!
   147 | D:2      | Reached skill level 1 in Fighting
   147 | D:2      | Reached XP level 2. HP: 20/22 MP: 0/0
   243 | D:2      | Noticed Natasha
   247 | D:2      | Noticed a crimson imp
   252 | D:2      | Killed Natasha
   253 | D:2      | Reached XP level 3. HP: 8/28 MP: 0/0
   253 | D:2      | Learned a level 1 spell: Summon Small Mammal
   430 | D:2      | Reached skill level 2 in Fighting
   647 | D:2      | Noticed Natasha
   653 | D:2      | Killed Natasha
   654 | D:2      | Reached XP level 4. HP: 25/34 MP: 0/0
   857 | D:2      | Noticed Natasha
   886 | D:2      | Killed Natasha
   887 | D:2      | Reached XP level 5. HP: 17/40 MP: 0/0
   887 | D:2      | Learned a level 2 spell: Call Imp
  1136 | D:1      | Reached skill level 3 in Fighting
  1550 | D:1      | Found a faded altar of an unknown god.
  1924 | D:3      | Noticed Ijyb
  2189 | D:3      | Found a transporter.
  2190 | D:3      | Noticed Robin
  2204 | D:4      | Reached XP level 6. HP: 42/46 MP: 0/0
  2252 | D:4      | Found a staircase to the Ecumenical Temple.
  2264 | D:4      | Noticed a black bear
  2270 | Temple   | Entered the Ecumenical Temple
  2275 | Temple   | Became a worshipper of Hepliaklqana the Forgotten
  2376 | D:4      | Found a blossoming altar of Fedhas.
  2450 | D:4      | Reached skill level 4 in Fighting
  2762 | D:3      | Killed Ijyb
  2891 | D:3      | Found a transporter.
  2905 | D:3      | Reached XP level 7. HP: 49/53 MP: 0/0
  2905 | D:3      | Learned a level 2 spell: Searing Ray
  2911 | D:3      | Killed Robin
  3044 | D:3      | Found a sacrificial altar of Ru.
  3061 | D:3      | Found a glowing golden altar of the Shining One.
  3098 | D:3      | Noticed HarveyMantaco's ghost (amateur DjFE)
  3686 | D:4      | Reached skill level 5 in Fighting
  4150 | D:5      | Entered Level 5 of the Dungeon
  4150 | D:5      | Reached * piety under Hepliaklqana
  4295 | D:5      | Reached skill level 5 in Spellcasting
  4307 | D:5      | Reached XP level 8. HP: 46/54 MP: 0/0
  4336 | D:5      | Reached skill level 6 in Fighting
  4538 | D:5      | Identified the +7 flail of Dyfra {freeze, +Blink rC- Int+6}
  4611 | D:5      | Identified the +7 quarterstaff of Disaster {vorpal, Fragile
                  | rF++ rCorr Str+2}
  4852 | D:5      | Found a glowing silver altar of Zin.
  5029 | D:5      | Reached skill level 7 in Fighting
  5277 | D:5      | Reached XP level 9. HP: 46/61 MP: 0/0
  5277 | D:5      | Learned a level 4 spell: Manifold Assault
  5350 | D:5      | Found a hide-covered altar of Uskayaw.
  5827 | D:6      | Reached skill level 8 in Fighting
  5831 | D:6      | Found a shadowy altar of Dithmenos.
  6294 | D:6      | Found Fygh's Fabulous Fripperies.
  6488 | D:6      | Reached ** piety under Hepliaklqana
  6489 | D:6      | Remembered your ancestor Shatu-murrim as a knight
  6538 | D:6      | Found a shimmering altar of Xom.
  6539 | D:6      | Found a burning altar of Makhleb.
  6939 | D:7      | Found a sparkling altar of Nemelex Xobeh.
  7227 | D:7      | Reached skill level 9 in Fighting
  7656 | D:8      | Reached XP level 10. HP: 54/70 MP: 0/0
  7675 | D:8      | Found a basalt altar of Yredelemnul.
  7814 | D:8      | Found a staircase to the Lair.
  8079 | D:8      | Found a snail-covered altar of Cheibriados.
  8240 | D:9      | Reached skill level 10 in Fighting
  8322 | D:9      | Noticed a cyclops
  8341 | D:9      | Reached *** piety under Hepliaklqana
  8385 | D:9      | Noticed a manticore
  8394 | D:9      | Killed a cyclops
  8399 | D:9      | Killed a manticore
  8603 | D:9      | Noticed a two-headed ogre
  8608 | D:9      | Killed a two-headed ogre
  9061 | D:9      | Reached skill level 11 in Fighting
  9194 | D:10     | Entered Level 10 of the Dungeon
  9216 | D:10     | Noticed an efreet
  9217 | D:10     | Found a broken altar of Ashenzari.
  9218 | D:10     | Noticed a flayed ghost
  9221 | D:10     | Noticed a boulder beetle
  9226 | D:10     | Found a transporter.
  9235 | D:10     | Reached XP level 11. HP: 68/78 MP: 0/0
  9235 | D:10     | Learned a level 5 spell: Summon Forest
  9452 | D:10     | Reached **** piety under Hepliaklqana
  9745 | D:10     | Identified the +11 falchion "Orb Guardian's Peril" {venom,
                  | Will+}
  9863 | D:10     | Found a transporter.
 10074 | D:10     | Noticed a two-headed ogre
 10124 | D:10     | Killed a two-headed ogre
 10464 | D:11     | Noticed a cyclops
 10464 | D:11     | Noticed a two-headed ogre
 10583 | Lair:1   | Entered Level 1 of the Lair of Beasts
 10607 | Lair:1   | Reached skill level 12 in Fighting
 10994 | Lair:1   | Reached skill level 10 in Spellcasting
 11846 | Lair:2   | Reached skill level 1 in Shields
 11846 | Lair:2   | Reached XP level 12. HP: 31/86 MP: 0/0
 12396 | Lair:2   | Noticed a five-headed hydra
 12400 | Lair:2   | Killed a five-headed hydra
 12401 | Lair:2   | Reached skill level 13 in Fighting
 12477 | Lair:2   | Noticed a four-headed hydra
 12483 | Lair:2   | Killed a four-headed hydra
 13082 | Lair:2   | Reached ***** piety under Hepliaklqana
 13129 | Lair:2   | Reached skill level 14 in Fighting
 13424 | Lair:3   | Noticed a boulder beetle
 13434 | Lair:3   | Found a transporter.
 13439 | Lair:3   | Noticed Powertoast's ghost (journeyman TrGl)
 13452 | Lair:3   | Found a transporter.
 13455 | Lair:3   | Noticed a seven-headed hydra
 13492 | Lair:3   | Noticed a five-headed hydra
 13497 | Lair:3   | Killed a five-headed hydra
 13498 | Lair:3   | Reached XP level 13. HP: 63/94 MP: 0/0
 13498 | Lair:3   | Learned a level 5 spell: Fireball
 14071 | Lair:3   | Reached skill level 15 in Fighting
 14284 | Lair:3   | Noticed a five-headed hydra
 14288 | Lair:3   | Killed a five-headed hydra
 14475 | Lair:3   | Found a hole to the Spider Nest.
 14642 | Lair:3   | Found a staircase to the Swamp.
 14860 | Lair:4   | Identified a scroll of acquirement
 14861 | Lair:4   | Acquired 482 gold pieces
 15023 | D:6      | Bought a manual of Fighting for 1200 gold pieces
 15191 | D:3      | Killed HarveyMantaco's ghost
 15559 | D:11     | Noticed Lodul
 15757 | D:12     | Reached skill level 16 in Fighting
 15801 | D:12     | Reached XP level 14. HP: 70/104 MP: 0/0
 15889 | D:12     | Found a staircase to the Orcish Mines.
 16378 | D:12     | Identified the +1 quarterstaff of Growth {distort, rElec
                  | rF+}
 16793 | Orc:1    | Entered Level 1 of the Orcish Mines
 16976 | Orc:2    | Entered Level 2 of the Orcish Mines
 16976 | Orc:2    | Found a staircase to the Elven Halls.
 16993 | Orc:2    | Reached skill level 17 in Fighting
 17231 | Orc:2    | Reached skill level 18 in Fighting
 17358 | Orc:2    | Reached skill level 19 in Fighting
 17396 | Orc:1    | HP: 2/110 [two-headed ogre/+0 giant club (22)]
 17976 | Lair:4   | Identified the +4 scale mail of Tafejoom {Rampage +Blink
                  | rCorr Dex+2}
 18063 | Lair:4   | Noticed Urug
 18066 | Lair:4   | Killed Urug
 18312 | Lair:4   | Reached skill level 1 in Armour
 18323 | Lair:4   | Reached XP level 15. HP: 72/117 MP: 0/0
 18323 | Lair:4   | Learned a level 6 spell: Iron Shot
 18874 | Lair:5   | Entered Level 5 of the Lair of Beasts
 18988 | Lair:5   | Reached skill level 20 in Fighting
 19192 | Lair:5   | Reached ****** piety under Hepliaklqana
 19374 | Lair:5   | Found a viscous altar of Jiyva.
 19374 | Lair:5   | Found a staircase to the Slime Pits.
 19419 | Lair:5   | Reached skill level 5 in Shields
 20515 | D:11     | Killed Lodul
 20516 | D:11     | Reached skill level 5 in Dodging
 20731 | D:13     | Reached skill level 1 in Invocations
 20731 | D:13     | Reached skill level 1 in Evocations
 20973 | D:13     | Found a gate to the Vaults.
 21552 | D:13     | Noticed Kirke
 21557 | D:13     | Killed Kirke
 21741 | D:13     | Reached skill level 5 in Armour
 22004 | D:14     | Identified the +10 rapier of Gahaf {venom, rPois rN+ Str+3}
 22021 | D:14     | Found a white marble altar of Elyvilon.
 22373 | D:14     | Identified the +5 scale mail "Xurakloz" {rF+ Stlth+}
 22386 | D:14     | Reached XP level 16. HP: 125/125 MP: 0/0
 22420 | D:14     | Noticed Josephine
 22426 | D:14     | Killed Josephine
 22682 | D:14     | Found a portal to a secret trove of treasure.
 23114 | D:15     | Entered Level 15 of the Dungeon
 23403 | D:15     | Reached skill level 5 in Invocations
 23403 | D:15     | Reached skill level 5 in Evocations
 24909 | D:15     | Found a staircase to the Depths.
 25419 | Orc:2    | Found Zonuan Nudui's Weapon Emporium.
 25419 | Orc:2    | Found Linicisk's General Store.
 25420 | Orc:2    | Found Kecubapamu's General Store.
 25420 | Orc:2    | Found Rooca's Magic Scroll Emporium.
 25452 | Orc:2    | Bought a potion of heal wounds for 75 gold pieces
 26017 | Orc:2    | Bought a scroll of identify for 30 gold pieces
 26019 | Orc:2    | Bought a scroll of identify for 28 gold pieces
 26021 | Orc:2    | Upgraded the game from 0.30-a0-305-g026cb31310 to
                  | 0.30-a0-311-gf115ab0292
 26022 | Orc:2    | Bought a scroll of magic mapping for 112 gold pieces
 26022 | Orc:2    | Bought a potion of cancellation for 120 gold pieces
 26023 | Orc:2    | Bought a scroll of teleportation for 42 gold pieces
 26023 | Orc:2    | Bought a scroll of fear for 56 gold pieces
 26023 | Orc:2    | Bought a scroll of fog for 56 gold pieces
 26053 | Elf:1    | Entered Level 1 of the Elven Halls
 26134 | Elf:1    | Found Veutuaho's Assorted Antiques.
 26322 | Elf:1    | Reached skill level 1 in Long Blades
 26338 | Elf:1    | Paralysed by an air elemental for 1 turns
 26343 | Elf:1    | Paralysed by an air elemental for 1 turns
 26865 | Elf:1    | Paralysed by an air elemental for 1 turns
 26901 | Elf:1    | Paralysed by an air elemental for 1 turns
 26904 | Elf:1    | Paralysed by an air elemental for 1 turns
 27013 | Elf:1    | HP: 6/125 [deep elf zephyrmancer/bolt of lightning (22)]
 27014 | Elf:1    | Slain by a +5 short sword of electrocution

Illustrated notes

Levels and vault maps discovered:
D:1:      lemuel_arrival_cross, layout_loops_ring,
          dreamdust_ecumenical_altar_statues
D:2:      layout_basic, kennysheep_generic_room_8, uniq_natasha
D:3:      layout_basic, lemuel_crystal_altar, hangedman_ru_absence,
          gammafunk_ghost_mausoleum, uniq_ijyb, uniq_robin
D:4:      layout_loops_corners, lemuel_doored_altar, minmay_temple_entry_grid
D:5:      kb_forest_paths, layout_loops_corners, nicolae_uskayaw_suspiria,
          general_overflow_altar, portal_sewer_entry_b, serial_undead,
          serial_undead_f, serial_undead_d, serial_undead_a, serial_undead_c
D:6:      layout_rooms, grunt_temple_overflow_champion_of_chaos,
          mainiacjoe_overflow_catwalk_spiral, nicolae_alphabet_shops,
          chequers_garden
D:7:      layout_basic, nemelex_altar_shiori, marbit_many_paths
D:8:      nicolae_cairo_tiling_large, layout_rooms, cheibrodos_worm_habitat,
          lemuel_round_altar, lair_entry_dummy, hex_medium,
          chequers_serial_rivers_micro_b, fungi_pond_lemuel,
          corexii_checkpoint_b
D:9:      layout_loops_corners, minivault_20, kennysheep_pointless_box,
          minmay_misc_feat_roman, corexii_hall_statues_x
D:10:     layout_stronghold, gammafunk_temple_overflow_arena
D:11:     layout_rooms, minmay_nine_imps, uniq_lodul
D:12:     layout_long_grid, hiddenorc2_lemuel
D:13:     layout_basic, david_vaults_1, uniq_kirke
D:14:     layout_small_grid, enter_trove_6, elyvilon_altar_1, uniq_josephine
D:15:     grunt_enter_depths_hoard, layout_cave_pools, serial_co_window_serial,
          co_window_corner_a, co_window_cross_1, co_window_corner_a,
          co_window_corner_a, co_window_paths_a, co_window_broadway_c,
          co_window_corner_ca, co_window_of_opportunity_c,
          co_window_unsneaky_path_e, co_window_sun, glass_columns_b,
          glass_columns_b, glass_columns_c, glass_columns_a, glass_columns_a,
          serial_bayou_pond_b, nicolae_lava_and_water
Temple:   hellmonk_temple_micro_hex
Lair:1:   layout_small_grid, beast_lair_carwin_1, infiniplex_staircase_pool
Lair:2:   nzn_winding_woodlands_stair_trap
          [nzn_winding_woodlands_5x15_longhouse, nzn_winding_woodlands_5x15_eye,
          nzn_winding_woodlands_5x15_pockets,
          nzn_winding_woodlands_15x15_killbox,
          nzn_winding_woodlands_5x15_jagged,
          nzn_winding_woodlands_5x15_river_crossing,
          nzn_winding_woodlands_5x15_twine], layout_gridlike,
          nicolae_lair_lil_pond
Lair:3:   layout_chaotic_city, minmay_swamp_entry_swarm, dummy_spider_entry,
          gammafunk_ghost_berserking_beasts
Lair:4:   layout_layer_cave, nicolae_lair_grove_arrangements,
          serial_bayou_shore_a, uniq_urug
Lair:5:   hellmonk_lair_end_abyssal_woods, layout_regular_city, slime_entry_1,
          nicolae_quartered_pool_medium, chequers_serial_rivers_micro_d,
          kennysheep_rathole, infiniplex_staircase_pool_2
Orc:1:    layout_diamond_mine, basic_altar
Orc:2:    st_orc_ogre_mass, layout_caves, portal_ice_cave_demonic_guard,
          basic_altar
Elf:1:    layout_loops_ring, serial_sigils, serial_sigils_hangedman_snap,
          serial_sigils_hangedman_confine, serial_sigils_hangedman_scar,
          serial_sigils_hangedman_stare, serial_sigils_hangedman_snap,
          serial_sigils_hangedman_scratch, serial_shops, shop, evilmike_minifort

Skill      XL: |  1  2  3  4  5  6  7  8  9 10 11 12 13 14 15 16 |
---------------+-------------------------------------------------+-----
Fighting       | 1 2 3 4 5 7 9 11 12 14 16 19 20 | 20.6
Spellcasting   | 3 4 5 6 7 9 10 11 12 13 | 13.3
Shields        | 1 4 5 |  5.0
Armour         | 1 5 |  5.0
Dodging        | 6 7 |  7.0
Invocations    | 3 7 |  7.5
Evocations     | 3 7 |  7.5
Long Blades    | 2 |  2.2
Stealth        | |  1.5

Action                   |  1- 3 |  4- 6 |  7- 9 | 10-12 | 13-15 | 16-18 || total
-------------------------+-------+-------+-------+-------+-------+-------++-------
Melee: Unarmed           |     6 |     2 |       |       |       |       ||     8
       Short sword       |       |    14 |       |       |       |       ||    14
       Rapier            |       |     4 |    21 |       |       |       ||    25
       Flail             |       |       |    16 |     7 |    48 |    27 ||    98
       Falchion          |       |       |       |     5 |   123 |    68 ||   196
 Cast: Foxfire           |    19 |    44 |    29 |    79 |    97 |     4 ||   272
       Scorch            |     7 |    63 |    89 |   106 |   152 |    25 ||   442
       Kindle Blastspark |       |     1 |     5 |     7 |    33 |     3 ||    49
       Searing Ray       |       |       |    12 |    15 |     2 |       ||    29
       Summon Small Mamm |       |       |     1 |       |     1 |       ||     2
       Flame Wave        |       |       |     2 |    12 |     5 |       ||    19
       Call Imp          |       |       |     1 |       |     1 |     4 ||     6
       Summon Forest     |       |       |       |     1 |     6 |     1 ||     8
       Fireball          |       |       |       |       |   113 |    27 ||   140
       Manifold Assault  |       |       |       |       |    53 |    39 ||    92
       Inner Flame       |       |       |       |       |    16 |     9 ||    25
       Iron Shot         |       |       |       |       |    31 |    37 ||    68
Invok: Ancestor Life: Kn |       |       |     1 |       |       |       ||     1
       Recall Ancestor   |       |       |       |     3 |     6 |       ||     9
  Use: Potion            |       |     2 |       |       |     3 |       ||     5
       Scroll            |       |       |     8 |     2 |    16 |     9 ||    35
 Stab: Distracted        |       |       |       |       |     1 |       ||     1
Armor: Robe              |       |     5 |    17 |     7 |       |       ||    29
       Leather armour    |       |       |       |    17 |    23 |       ||    40
       Ring mail         |       |       |       |       |    37 |    12 ||    49
Dodge: Dodged            |     6 |    39 |    67 |    33 |    93 |    27 ||   265
Block: Other             |       |       |    11 |     5 |       |       ||    16
       Reflection        |       |       |     4 |     3 |     6 |     2 ||    15
       Buckler           |       |       |       |    16 |    49 |    22 ||    87

Table legend: (Time is in decaauts)
 A = Elapsed time spent in this place.
 B = Non-inter-level travel time spent in this place.
 C = Inter-level travel time spent in this place.
 D = Time resting spent in this place.
 E = Time spent auto-exploring this place.
 F = Levels seen in this place.
 G = Mean time per level.
                   A        B        C        D        E       F      G
               +--------+--------+--------+--------+--------+-----+--------+
         Total |  27094 |  25124 |   1970 |   5068 |  13963 |  24 | 1128.9 |
       Dungeon |  17864 |  16472 |   1392 |   3521 |   9399 |  15 | 1190.9 |
        Temple |     10 |     10 |      0 |      0 |      0 |   1 |   10.0 |
          Lair |   6614 |   6101 |    513 |   1068 |   3360 |   5 | 1322.8 |
  Orcish Mines |   1637 |   1574 |     63 |    355 |    661 |   2 |  818.5 |
   Elven Halls |    967 |    967 |      0 |    124 |    543 |   1 |  967.0 |
               +--------+--------+--------+--------+--------+-----+--------+

Top non-repeatable levels by time:
  Lair:2: 1935 daAuts
     D:5: 1720 daAuts
    D:15: 1698 daAuts
    D:10: 1503 daAuts
    D:14: 1419 daAuts
    D:12: 1371 daAuts
     D:3: 1368 daAuts
  Lair:1: 1282 daAuts
  Lair:4: 1266 daAuts
    D:13: 1178 daAuts
     D:4: 1115 daAuts
  Lair:5: 1101 daAuts
     D:9: 1054 daAuts
     D:7: 1049 daAuts
  Lair:3: 1028 daAuts
